 Dungeon Crawl Stone Soup version 0.31-a0-188-g5e087ee2ca (webtiles) character file.

Game seed: 517164555349681206

2046 qw the Skirmisher (level 9, -9/52 HPs)
             Began as a Deep Elf Hunter on June 23, 2023.
             Was an Initiate of Okawaru.
             Mangled by a two-headed ogre
             ... wielding a +0 giant spiked club
              (14 damage)
             ... on level 7 of the Dungeon.
             The game lasted 00:02:39 (5005 turns).

qw the Skirmisher (Deep Elf Hunter)                 Turns: 5005, Time: 00:02:40

Health: -9/52      AC: 12    Str: 12    XL:     9   Next: 4%
Magic:  11/11      EV: 12    Int: 15    God:    Okawaru [......]
Gold:   292        SH:  0    Dex: 18    Spells: 8/8 levels left

rFire   + . .        Y - +0 shortbow (drain)
rCold   . . .        (shield currently unavailable)
rNeg    . . .        i - +1 ring mail
rPois   .            j - +1 helmet
rElec   .            (no cloak)
rCorr   .            (no gloves)
SInv    .            (no boots)
Will    .....        (no amulet)
Stlth   +            k - +4 ring of protection
HPRegen 0.28/turn    h - ring of protection from fire
MPRegen 0.12/turn

%: no passive effects
@: no status effects
A: no striking features
a: Renounce Religion


You were on level 7 of the Dungeon.
You worshipped Okawaru.
Okawaru was noncommittal.
You visited 2 branches of the dungeon, and saw 8 of its levels.

You collected 292 gold pieces.


   Skills:
 - Level 3.9 Fighting
 - Level 14.1 Ranged Weapons
 - Level 1.9 Armour
 + Level 4.2 Dodging
 - Level 1.2 Stealth


You had 8 spell levels left.
You didn't know any spells.
Your spell library was empty.

Inventory:

Hand Weapons
 Y - a +0 shortbow of draining (weapon)
Armour
 i - a +1 ring mail (worn)
 j - a +1 helmet (worn)
Jewellery
 g - a +6 ring of strength
 h - a ring of protection from fire (right hand)
 k - a +4 ring of protection (left hand)
Scrolls
 c - 2 scrolls of teleportation
 d - 2 scrolls of identify
Potions
 a - 3 potions of heal wounds
 b - a potion of resistance
 e - 2 potions of curing
 l - a potion of might

Dungeon Overview and Level Annotations

Branches:
Dungeon (7/15)             Temple (1/1) D:7

Altars:
Cheibriados
Dithmenos
Elyvilon
Fedhas
Gozag
Hepliaklqana
Kikubaaqudgha
Makhleb
Nemelex Xobeh
Okawaru
Qazlal
Ru
Sif Muna
Trog
Uskayaw
Vehumet
Wu Jian
Xom
Yredelemnul
Zin
The Shining One


Message History

The arrow hits the two-headed ogre but does no damage.
The two-headed ogre is lightly wounded.
You shoot an arrow. The arrow hits the two-headed ogre.
You drain the two-headed ogre.
The two-headed ogre is moderately wounded.
You shoot an arrow.
The arrow hits the two-headed ogre but does no damage.
The two-headed ogre is moderately wounded.
You shoot an arrow. The arrow hits the two-headed ogre.
The two-headed ogre is moderately wounded.
You shoot an arrow.
The arrow hits the two-headed ogre but does no damage.
The two-headed ogre is moderately wounded.
The two-headed ogre misses you.
The two-headed ogre hits you with a +0 giant spiked club!
You shoot an arrow. The arrow hits the two-headed ogre.
You drain the two-headed ogre.
The two-headed ogre is moderately wounded.
You shoot an arrow.
The arrow hits the two-headed ogre but does no damage.
The two-headed ogre is moderately wounded.
The two-headed ogre misses you. The two-headed ogre closely misses you.
You shoot an arrow. The arrow hits the two-headed ogre.
The two-headed ogre is moderately wounded.
You shoot an arrow.
The arrow barely misses the two-headed ogre.
The two-headed ogre hits you with a +0 giant spiked club. x2
You shoot an arrow.
The arrow hits the two-headed ogre but does no damage.
The two-headed ogre is moderately wounded.
The two-headed ogre hits you with a +0 giant spiked club!
The two-headed ogre misses you.
You shoot an arrow.
The arrow hits the two-headed ogre but does no damage.
The two-headed ogre is moderately wounded.
You shoot an arrow. The arrow hits the two-headed ogre.
You drain the two-headed ogre.
The two-headed ogre is heavily wounded.
The two-headed ogre hits you with a +0 giant spiked club! x2
You die...

###.###.##.7 7.7
#......(7# #7.7# 7
#..#..#..777...777...
#....................
......##..777...777...
......##.7# #7.7# 7
###..##.7 7.7 .. #.7
#7.7# #.. 7.@O7
#.....$........
#..777...777... #
#7.7# 7 7.7 7.7 ...
...


You could see a two-headed ogre (drained).

Vanquished Creatures
  A hornet (D:5)
  Menkaure (D:4)
  A water moccasin (D:7)
  2 ice beasts
  A centaur (D:5)
  A bullfrog (D:6)
  2 kobold brigands
  3 scorpions
  A howler monkey (D:5)
  6 hounds
  A jelly (D:7)
  2 orc priests (D:6)
  2 gnoll boudas (D:4)
  6 iguanas
  Ijyb (D:5)
  4 orc wizards
  14 gnolls
  10 adders
  A white imp (D:6)
  2 ufetubi (D:5)
  3 worms
  3 dart slugs
  16 orcs
  2 bats
  5 endoplasms
  4 giant cockroaches
  5 goblins
  4 hobgoblins
  A jackal (D:4)
  8 kobolds
  A quokka (D:4)
  10 ball pythons
  A frilled lizard (D:1)
  4 rats
129 creatures vanquished.

Notes
Turn   | Place    | Note
-------+----------+-------------------------------------------
     0 | D:1      | qw the Deep Elf Hunter began the quest for the Orb.
     0 | D:1      | Reached XP level 1. HP: 12/12 MP: 3/3
     0 | D:1      | 0 ||| qw: Version: 0.3-a-9-g12657ce
     0 | D:1      | 0 ||| qw: Game counter: 3823
     0 | D:1      | 0 ||| qw: Always use a shield: true
     0 | D:1      | 0 ||| qw: God list: Okawaru
     0 | D:1      | 0 ||| qw: Allow faded altars: false
     0 | D:1      | 0 ||| qw: Do Orc after D:15 true
     0 | D:1      | 0 ||| qw: Do second Lair branch before Depths: true
     0 | D:1      | 0 ||| qw: Lair rune preference: random
     0 | D:1      | 0 ||| qw: Plans: Normal
     0 | D:1      | 0 ||| PLANNING D:1-11
   318 | D:1      | Reached XP level 2. HP: 16/16 MP: 4/4
   382 | D:1      | Reached skill level 6 in Ranged Weapons
   578 | D:1      | 578 ||| READING scroll labelled OWEAPR CYMUNAE.
   579 | D:1      | 579 ||| READING scroll labelled MEN ORIRELI.
   580 | D:1      | 580 ||| DROPPING scroll of butterflies.
   670 | D:2      | Reached XP level 3. HP: 20/20 MP: 5/5
   789 | D:2      | Reached skill level 7 in Ranged Weapons
  1094 | D:2      | 1094 ||| UPGRADING to +6 ring of strength.
  1095 | D:2      | 1095 ||| READING 2 scrolls of identify.
  1095 | D:2      | 1095 ||| IDENTIFYING grey potion
  1205 | D:3      | Reached XP level 4. HP: 25/25 MP: 6/6
  1571 | D:3      | Reached skill level 8 in Ranged Weapons
  1884 | D:3      | 1884 ||| UPGRADING to +0 ring mail.
  1894 | D:3      | 1894 ||| DROPPING +0 leather armour.
  1895 | D:3      | 1895 ||| READING scroll of enchant armour.
  1895 | D:3      | 1895 ||| ENCHANTING +0 ring mail.
  1896 | D:3      | 1896 ||| UPGRADING to ring of protection from fire.
  1897 | D:3      | 1897 ||| UPGRADING to +4 ring of protection.
  1899 | D:3      | 1899 ||| READING scroll labelled BOOSKUUTOPN.
  1902 | D:3      | 1902 ||| READING scroll labelled ISAIRO IWNYUX.
  1903 | D:3      | 1903 ||| READING scroll labelled WUFUMOTONN.
  1904 | D:3      | 1904 ||| READING scroll labelled SOCHOO KUVILE.
  1905 | D:3      | 1905 ||| READING 2 scrolls of identify.
  1905 | D:3      | 1905 ||| IDENTIFYING orange potion
  1931 | D:4      | Identified the +7 whip of Animal Spirits {venom, rC+ Int+3}
  1947 | D:4      | Reached XP level 5. HP: 29/29 MP: 7/7
  2034 | D:4      | Reached skill level 9 in Ranged Weapons
  2183 | D:4      | Reached XP level 6. HP: 35/35 MP: 8/8
  2433 | D:4      | 2433 ||| Stepping ~*~*~tactically~*~*~ (outnumbered).
  2441 | D:4      | Reached skill level 10 in Ranged Weapons
  2446 | D:4      | Reached skill level 3 in Dodging
  2548 | D:4      | Noticed Menkaure
  2551 | D:4      | 2551 ||| FLEEEEING.
  2552 | D:4      | 2552 ||| FLEEEEING.
  2553 | D:4      | 2553 ||| FLEEEEING.
  2554 | D:4      | 2554 ||| FLEEEEING.
  2555 | D:4      | 2555 ||| FLEEEEING.
  2556 | D:4      | 2556 ||| FLEEEEING.
  2557 | D:4      | 2557 ||| FLEEEEING.
  2558 | D:4      | 2558 ||| FLEEEEING.
  2571 | D:4      | 2571 ||| FLEEEEING.
  2572 | D:4      | 2572 ||| FLEEEEING.
  2573 | D:4      | 2573 ||| FLEEEEING.
  2586 | D:4      | 2586 ||| FLEEEEING.
  2587 | D:4      | 2587 ||| FLEEEEING.
  2588 | D:4      | 2588 ||| FLEEEEING.
  2594 | D:4      | 2594 ||| STAIRDANCE
  2615 | D:3      | 2615 ||| UPGRADING to +1 helmet.
  2620 | D:3      | 2620 ||| READING scroll labelled XAYNOA CAGREOJ.
  2621 | D:3      | 2621 ||| READING scroll labelled REILOUVV YMAW.
  2622 | D:3      | 2622 ||| READING 2 scrolls of identify.
  2622 | D:3      | 2622 ||| IDENTIFYING fuming sapphire potion
  2623 | D:3      | 2623 ||| DROPPING potion of brilliance.
  2645 | D:4      | 2645 ||| FLEEEEING.
  2720 | D:4      | Killed Menkaure
  2721 | D:4      | Reached skill level 1 in Armour
  2721 | D:4      | Reached XP level 7. HP: 28/40 MP: 9/9
  2830 | D:5      | Entered Level 5 of the Dungeon
  2966 | D:5      | Reached skill level 11 in Ranged Weapons
  3021 | D:5      | Noticed Ijyb
  3024 | D:5      | 3024 ||| FLEEEEING.
  3029 | D:5      | 3029 ||| FLEEEEING.
  3030 | D:5      | 3030 ||| FLEEEEING.
  3031 | D:5      | 3031 ||| FLEEEEING.
  3032 | D:5      | 3032 ||| FLEEEEING.
  3033 | D:5      | 3033 ||| FLEEEEING.
  3034 | D:5      | 3034 ||| FLEEEEING.
  3035 | D:5      | 3035 ||| FLEEEEING.
  3036 | D:5      | 3036 ||| FLEEEEING.
  3037 | D:5      | 3037 ||| FLEEEEING.
  3038 | D:5      | 3038 ||| FLEEEEING.
  3039 | D:5      | 3039 ||| FLEEEEING.
  3040 | D:5      | 3040 ||| FLEEEEING.
  3041 | D:5      | 3041 ||| FLEEEEING.
  3042 | D:5      | 3042 ||| FLEEEEING.
  3043 | D:5      | 3043 ||| FLEEEEING.
  3044 | D:5      | 3044 ||| FLEEEEING.
  3045 | D:5      | 3045 ||| FLEEEEING.
  3046 | D:5      | 3046 ||| FLEEEEING.
  3047 | D:5      | 3047 ||| FLEEEEING.
  3048 | D:5      | 3048 ||| FLEEEEING.
  3049 | D:5      | 3049 ||| FLEEEEING.
  3064 | D:5      | Killed Ijyb
  3118 | D:5      | You fall into a shaft and drop 1 floor!
  3124 | D:6      | 3124 ||| READING 2 scrolls of identify.
  3124 | D:6      | 3124 ||| IDENTIFYING clear potion
  3209 | D:5      | Reached skill level 12 in Ranged Weapons
  3209 | D:5      | Reached XP level 8. HP: 44/44 MP: 10/10
  3569 | D:5      | Noticed a hornet
  3579 | D:5      | Paralysed by a hornet for 1 turns
  3584 | D:5      | Killed a hornet
  3585 | D:5      | Reached skill level 3 in Fighting
  3677 | D:5      | 3677 ||| READING 2 scrolls of identify.
  3677 | D:5      | 3677 ||| IDENTIFYING viscous pink potion
  3678 | D:5      | 3678 ||| DROPPING potion of degeneration.
  3835 | D:6      | 3835 ||| Stepping ~*~*~tactically~*~*~ (outnumbered).
  3842 | D:6      | 3842 ||| DRINKING 3 potions of curing.
  3842 | D:6      | 3842 ||| (to cure confusion)
  3873 | D:6      | Reached skill level 13 in Ranged Weapons
  4278 | D:6      | 4278 ||| READING 2 scrolls labelled IVATWYCHUKIM.
  4279 | D:6      | 4279 ||| DRINKING 2 sedimented purple potions.
  4280 | D:6      | 4280 ||| DROPPING scroll of fear.
  4489 | D:7      | Found a staircase to the Ecumenical Temple.
  4490 | D:7      | 4490 ||| PLANNING TEMPLE
  4495 | Temple   | Entered the Ecumenical Temple
  4793 | Temple   | 4793 ||| PLANNING OKAWARU WORSHIP
  4900 | Temple   | Became a worshipper of Warmaster Okawaru
  4901 | Temple   | 4901 ||| PLANNING D:1-11
  4925 | D:7      | 4925 ||| Stepping ~*~*~tactically~*~*~ (outnumbered).
  4934 | D:7      | Reached skill level 14 in Ranged Weapons
  4934 | D:7      | Reached XP level 9. HP: 52/52 MP: 11/11
  4990 | D:7      | Noticed a two-headed ogre
  5005 | D:7      | HP: 5/52 [two-headed ogre/+0 giant spiked club (14)]
  5005 | D:7      | Mangled by a two-headed ogre

Levels and vault maps discovered:
D:1:      scummos_arrival_star, layout_loops_ring
D:2:      layout_rooms
D:3:      layout_basic, minmay_vboxes
D:4:      kennysheep_six_static_rooms, layout_gridville, uniq_menkaure
D:5:      layout_loops_ring, uniq_ijyb
D:6:      layout_cave_pools
D:7:      layout_loops_ring, evilmike_ruin_ashenzari, temple_green,
          serial_shops, shop, minmay_stone_trees_large, minmay_shop_grid_forest
Temple:   mainiacjoe_temple_trianglar_array

Skill      XL: |  1  2  3  4  5  6  7  8 |
---------------+-------------------------+-----
Ranged Weapons | 6 7 8 9 10 12 14 | 14.1
Fighting       | 2 3 |  3.9
Dodging        | 3 4 |  4.2
Armour         | 1 |  1.9
Stealth        | |  1.2

Action                     |  1- 3 |  4- 6 |  7- 9 || total
---------------------------+-------+-------+-------++-------
   Fire: Shortbow          |    84 |   183 |   218 ||   485
    Use: Scroll            |     3 |     9 |     3 ||    15
         Potion            |       |       |     2 ||     2
 Armour: Leather armour    |     6 |     3 |       ||     9
         Ring mail         |       |    18 |    63 ||    81
  Dodge: Dodged            |    14 |    45 |    98 ||   157

Table legend:
 A = Non-vault XP
 B = Vault XP
 C = Vault XP percentage of total XP
 D = Non-vault monster count
 E = Vault monster count
 F = Vault count percentage of total count
                 A         B        C        D         E       F
            +---------+---------+-------+---------+---------+-------
      Total |    2663 |     260 |   8.9 |     119 |      10 |   7.8
            +---------+---------+-------+---------+---------+-------
        D:1 |      19 |       0 |   0.0 |      10 |       0 |   0.0
        D:2 |      70 |       0 |   0.0 |      16 |       0 |   0.0
        D:3 |      65 |       3 |   4.4 |      15 |       2 |  11.8
        D:4 |     487 |     222 |  31.3 |      33 |       7 |  17.5
        D:5 |     931 |      35 |   3.6 |      15 |       1 |   6.2
        D:6 |     805 |       0 |   0.0 |      26 |       0 |   0.0
        D:7 |     286 |       0 |   0.0 |       4 |       0 |   0.0
            +---------+---------+-------+---------+---------+-------
